 Dungeon Crawl Stone Soup version 0.27-a0-1200-g94dc6ad4cf (webtiles) character file.

Game seed: 7499370427989584797

1859 Froggeryz the Basher (level 9, -1/64 HPs)
             Began as a Barachi Fighter on May 30, 2021.
             Succumbed to a killer bee's poison
             ... on level 5 of the Dungeon.
             The game lasted 00:05:40 (5885 turns).

Froggeryz the Basher (Barachi Fighter)              Turns: 5885, Time: 00:05:40

Health: -1/64      AC: 12    Str: 21    XL:     9   Next: 13%
Magic:  9/9        EV:  8    Int:  8    God:
Gold:   267        SH: 10    Dex: 12    Spells: 8/8 levels left

rFire    . . .     SeeInvis .   n - +2 flail (chaos)
rCold    . . .     Faith    .   c - +0 kite shield
rNeg     . . .     Spirit   .   b - +0 scale mail
rPois    .         Reflect  .   m - +1 hat
rElec    .         Harm     .   x - +0 cloak
rCorr    .         Rampage  .   u - +2 pair of gloves
Will     .....                  (no boots)
Stlth    ..........             (no amulet)
HPRegen  0.20/turn              (no ring)
MPRegen  0.11/turn              (no ring)

@: mighty, lethally poisoned (-1 -> -16), hasted, quick
A: amphibious, slowness 1, strong legs 1, +LOS
a: Hop


You were on level 5 of the Dungeon.
You visited 1 branch of the dungeon, and saw 6 of its levels.

You collected 267 gold pieces.

Inventory:

Hand Weapons
 l - a +0 mace of protection
 n - a +2 flail of chaos (weapon)
 v - a +1 whip of flaming
Missiles
 s - 2 silver javelins
Armour
 b - a +0 scale mail (worn)
 c - a +0 kite shield (worn)
 m - a +1 hat (worn)
 u - a +2 pair of gloves (worn)
 x - a +0 cloak (worn)
Wands
 o - a wand of flame (22)
 r - a wand of acid (2)
Scrolls
 a - a scroll of immolation {unknown}
 e - 2 scrolls of brand weapon
 i - 2 scrolls of amnesia
 k - a scroll of summoning {unknown}
 t - a scroll of magic mapping {unknown}
 w - a scroll of identify {unknown}
Potions
 d - 2 potions of might
 f - a potion of haste
 g - a potion of curing {unknown}
 h - a potion of magic {unknown}
 p - a potion of invisibility {unknown}
 q - 2 potions of flight {unknown}


   Skills:
 - Level 3.6 Fighting
 + Level 11.4 Maces & Flails
 - Level 3.6 Armour
 * Level 6.2 Shields


You had 8 spell levels left.
You didn't know any spells.
Your spell library contained the following spells:

 Spells                   Type           Power      Damage    Failure   Level
 Animate Skeleton         Necr           0%         N/A       98%         1
 Apportation              Tloc           0%         N/A       98%         1
 Corona                   Hex            0%         N/A       98%         1
 Summon Small Mammal      Summ           0%         N/A       98%         1
 Call Imp                 Summ           0%         N/A       99%         2
 Call Canine Familiar     Summ           0%         N/A       100%        3
 Summon Guardian Golem    Hex/Summ       0%         N/A       100%        3
 Summon Ice Beast         Ice/Summ       0%         N/A       100%        4
 Summon Lightning Spire   Summ/Air       0%         N/A       100%        4


Dungeon Overview and Level Annotations

Branches:
Dungeon (6/15)
 Temple: D:4-7

Altars:


Innate Abilities, Weirdness & Mutations

You are amphibious.
You cover ground slowly.
You can hop short distances.
You have an extended range of vision and can be seen from far away.


Message History

The killer bee closely misses you.
The killer bee stings you but does no damage.
You barely miss the killer bee.
You feel sick. The killer bee stings you.
* * * LOW HITPOINT WARNING * * *
The killer bee stings you but does no damage.
The killer bee barely misses you. You block the killer bee's attack.
You miss the killer bee.
You feel sick. You block the killer bee's attack.
The killer bee closely misses you.
The killer bee stings you but does no damage.
You block the killer bee's attack.
You closely miss the killer bee.
You feel sick.
The killer bee stings you but does no damage. x2
The killer bee completely misses you. You block the killer bee's attack.
You miss the killer bee.
You feel sick.
You are no longer poisoned.
The killer bee completely misses you. You block the killer bee's attack.
The killer bee barely misses you. The killer bee closely misses you.
You barely miss the killer bee. The killer bee closely misses you.
The killer bee stings you but does no damage. x2
The killer bee stings you.
* * * LOW HITPOINT WARNING * * *
You closely miss the killer bee.
The killer bee stings you but does no damage.
The killer bee closely misses you.
The killer bee stings you but does no damage.
You block the killer bee's attack.
You barely miss the killer bee.
The killer bee completely misses you. x2
The killer bee stings you but does no damage.
The killer bee barely misses you.
You bludgeon the killer bee!!
You kill the killer bee!
The killer bee stings you.
* * * LOW HITPOINT WARNING * * *
You are lethally poisoned!
The killer bee poisons you! The killer bee stings you.
* * * LOW HITPOINT WARNING * * *
You are more poisoned.
The killer bee poisons you!
It was a potion of haste.
You feel yourself speed up.
You die...

# .# .#
#############.####
#................#
###>#y#.####.......#
#.......#.....#
#.#.#.#.#.###@#
#.#.......# #y#
#.###.###.###y# #.
#.# #..†..# #. #.#
####.......# #. #.#
###...### .. #.#
.#.# ## #.# .#...
... ## #.#


You could see 2 killer bees.

Vanquished Creatures
  5 yaks
  An orc warrior (D:6)
  A sky beast (D:5)
  Blork the orc (D:6)
  3 scorpions
  A water moccasin zombie (D:5)
  2 killer bees (D:5)
  3 hounds (D:4)
  A gnoll shaman (D:6)
  An orc priest (D:3)
  A bullfrog zombie (D:6)
  4 orc wizards (D:6)
  A hound skeleton (D:4)
  9 gnolls
  8 adders
  2 worms (D:2)
  2 dart slugs
  17 orcs
  6 ball pythons
  7 endoplasms
  3 giant cockroaches
  5 goblins
  4 hobgoblins
  4 jackals
  2 quokkas (D:1)
  6 bats
  7 kobolds
  8 rats
115 creatures vanquished.

Notes
Turn   | Place    | Note
-------+----------+-------------------------------------------
     0 | D:1      | Froggeryz the Barachi Fighter began the quest for the Orb.
     0 | D:1      | Reached XP level 1. HP: 18/18 MP: 1/1
   497 | D:1      | Reached skill level 3 in Maces & Flails
   497 | D:1      | Reached XP level 2. HP: 23/24 MP: 2/2
   764 | D:1      | Found a faded altar of an unknown god.
   877 | D:1      | Reached XP level 3. HP: 29/29 MP: 3/3
   942 | D:2      | Reached skill level 4 in Maces & Flails
  1457 | D:1      | Reached XP level 4. HP: 16/36 MP: 4/4
  1964 | D:2      | Reached skill level 5 in Maces & Flails
  2553 | D:3      | Reached XP level 5. HP: 41/41 MP: 5/5
  2963 | D:3      | Reached skill level 6 in Maces & Flails
  3270 | D:4      | Noticed a yak
  3270 | D:4      | Noticed a yak
  3270 | D:4      | Noticed a yak
  3270 | D:4      | Noticed a yak
  3270 | D:4      | Noticed a yak
  3270 | D:4      | Noticed a yak
  3292 | D:2      | Killed a yak
  3293 | D:2      | Reached skill level 7 in Maces & Flails
  3293 | D:2      | Reached XP level 6. HP: 8/47 MP: 6/6
  3558 | D:3      | Killed a yak
  3559 | D:3      | Reached skill level 8 in Maces & Flails
  3559 | D:3      | Reached XP level 7. HP: 9/52 MP: 7/7
  3905 | D:3      | Killed a yak
  4217 | D:3      | Killed a yak
  4218 | D:3      | Reached skill level 9 in Maces & Flails
  4463 | D:4      | Reached XP level 8. HP: 52/59 MP: 8/8
  4468 | D:4      | Killed a yak
  4469 | D:4      | Reached skill level 10 in Maces & Flails
  5147 | D:4      | You fall into a shaft and drop 2 floors!
  5325 | D:6      | Reached skill level 11 in Maces & Flails
  5455 | D:6      | Noticed Blork the orc
  5461 | D:6      | Killed Blork the orc
  5530 | D:6      | Reached skill level 5 in Shields
  5727 | D:5      | Entered Level 5 of the Dungeon
  5735 | D:5      | Reached XP level 9. HP: 62/64 MP: 9/9
  5884 | D:5      | HP: 3/64 [killer bee (2)]
  5885 | D:5      | Succumbed to a killer bee's poison

Illustrated notes

Levels and vault maps discovered:
D:1:      dpeg_arrival_erosion, layout_basic, chequers_ecumenical_altar_island
D:2:      layout_basic
D:3:      layout_basic, hex_intersection, kennysheep_nub,
          minmay_misc_feat_enclosed
D:4:      kennysheep_six_static_rooms, layout_rooms, minmay_starry_boxes
D:5:      layout_loops_ring
D:6:      layout_basic, minmay_door_square, grunt_ministairs_10,
          uniq_blork_the_orc

Skill      XL: |  1  2  3  4  5  6  7  8  9 |
---------------+----------------------------+-----
Maces & Flails | 3 4 5 7 8 9 11 | 11.4
Shields        | 5 6 |  6.2
Fighting       | |  3.6
Armour         | |  3.6

Action                   |  1- 3 |  4- 6 |  7- 9 || total
-------------------------+-------+-------+-------++-------
Melee: Flail             |    99 |    46 |   197 ||   342
       Mace              |       |    59 |       ||    59
 Abil: Hop               |       |     2 |     1 ||     3
Evoke: Wand              |       |       |     3 ||     3
  Use: Scroll            |       |       |     3 ||     3
       Potion            |       |       |     4 ||     4
Armor: Scale mail        |    54 |    72 |    99 ||   225
Dodge: Dodged            |    52 |    57 |    67 ||   176
Block: Kite shield       |    70 |    63 |    95 ||   228

Table legend: (Time is in decaauts)
 A = Elapsed time spent in this place.
 B = Non-inter-level travel time spent in this place.
 C = Inter-level travel time spent in this place.
 D = Time resting spent in this place.
 E = Time spent auto-exploring this place.
 F = Levels seen in this place.
 G = Mean time per level.
                   A        B        C        D        E       F      G
               +--------+--------+--------+--------+--------+-----+--------+
         Total |   6463 |   6224 |    239 |   2251 |   2950 |   6 | 1077.2 |
       Dungeon |   6463 |   6224 |    239 |   2251 |   2950 |   6 | 1077.2 |
               +--------+--------+--------+--------+--------+-----+--------+

Top non-repeatable levels by time:
     D:3: 1749 daAuts
     D:1: 1599 daAuts
     D:2: 1405 daAuts
     D:4: 922 daAuts
     D:6: 622 daAuts
     D:5: 165 daAuts
